 Dungeon Crawl Stone Soup version 0.27.1-33-g824d729ab1 (webtiles) character file.

Game seed: 17962933180023370045

58 croobank the Covert (level 3, 0/17 HPs)
             Began as a Felid Delver on Nov 27, 2021.
             Was a Believer of Uskayaw.
             Slain by an ufetubus (1 damage)
             ... on level 3 of the Dungeon.
             The game lasted 00:16:02 (3517 turns).

croobank the Covert (Felid Delver)                  Turns: 3517, Time: 00:16:03

Health: 0/17       AC:  1    Str:  9    XL:     3   Next: 75%
Magic:  4/4        EV: 17    Int: 11    God:    Uskayaw [**....]
Gold:   76         SH:  0    Dex: 17    Spells: 2/2 levels left
                                        Lives:  0   Deaths: 0

rFire    . . .     SeeInvis +     - Unarmed
rCold    . . .     Faith    .   (shield unavailable)
rNeg     . . .     Spirit   .   (armour unavailable)
rPois    .         Reflect  .   (helmet unavailable)
rElec    .         Harm     .   (cloak unavailable)
rCorr    .         Rampage  .   (gloves unavailable)
Will     .....                  (boots unavailable)
Stlth    ++++......             (no amulet)
HPRegen  0.05/turn              (no ring)
MPRegen  0.09/turn              (no ring)

@: hasted, very quick
A: very small, claws 1, fangs 3, see invisible, speed 1, shaggy fur 1, stealthy
paws, no weapons or thrown items, no armour, multi-lived
a: Renounce Religion, Stomp, Line Pass


You were on level 3 of the Dungeon.
You worshipped Uskayaw.
Uskayaw was noncommittal.
You visited 1 branch of the dungeon, and saw 5 of its levels.

You collected 104 gold pieces.
You spent 28 gold pieces at shops.

Inventory:

Missiles
 e - 35 stones
Wands
 c - a wand of acid (4)
Scrolls
 a - a scroll of fog
 b - 4 scrolls of identify
 d - a scroll of enchant weapon {unknown}
 f - a scroll of silence {unknown}
 h - a scroll of torment {unknown}
 i - a scroll of fear
 j - a scroll of vulnerability {unknown}
 k - a scroll of teleportation {unknown}
Potions
 g - a potion of haste


   Skills:
 - Level 3.0 Fighting
 - Level 2.8 Dodging
 + Level 8.3 Stealth
 - Level 2.1 Unarmed Combat


You had 2 spell levels left.
You didn't know any spells.
Your spell library contained the following spells:

 Spells                   Type           Power      Damage    Failure   Level
 Blade Hands              Tmut           0%         N/A       100%        5
 Portal Projectile        Hex/Tloc       Unusable   N/A       N/A         3
 Excruciating Wounds      Necr           Unusable   N/A       N/A         5

Dungeon Overview and Level Annotations

Branches:
Dungeon (5/15)
 Temple: D:4-7

Altars:
Kikubaaqudgha
Nemelex Xobeh
Uskayaw

Shops:
D:1 ?   D:5 :


Innate Abilities, Weirdness & Mutations

You have sharp claws.
You have razor-sharp teeth.
You have supernaturally acute eyesight. (SInv)
You cover ground quickly. (Speed+)
You are covered in fur. (AC +1)
Your paws help you pounce on unaware monsters.
You are incapable of wielding weapons or throwing items.
You cannot wear armour.
You gain extra lives every three experience levels.


Message History

You open the door.
An adder, a kobold, an orc, an ufetubus and a dart slug come into view.
The kobold shouts!
The orc shouts!
The ufetubus shouts!
The adder hisses angrily.
You hear an angry hiss.
There is an open door here.
You closely miss the adder. The adder bites you.
You are poisoned.
The adder poisons you! The dart slug launches a dart at you.
The slug dart hits you. The adder bites you.
You feel sick.
There's a creature in the doorway!
You barely miss the adder. You bite the adder.
The adder is moderately wounded.
You feel sick. The adder misses you.
You miss the adder.
The adder is moderately wounded.
You feel sick. The adder misses you.
You don't know any spells.
Aiming: Corrosive Bolt
Press: ? - help, Shift-Dir - straight line, f - adder
Aim: an adder (moderately wounded, 53% to hit)
The bolt of acid hits the adder!!
The adder is splashed with acid.
You kill the adder!
You feel sick.
You can now pass through a line of other dancers.
Okay, then.
Aiming: Corrosive Bolt
Press: ? - help, Shift-Dir - straight line, f - ufetubus
Aim: an ufetubus (53% to hit)
The bolt of acid misses the ufetubus.
You feel sick. The ufetubus hits you.
* * * LOW HITPOINT WARNING * * *
The ufetubus hits you but does no damage.
An adder comes into view.
The ufetubus completely misses you. The ufetubus barely misses you.
* * * LOW HITPOINT WARNING * * *
You feel sick.
You are no longer poisoned.
You feel yourself speed up. The ufetubus misses you. The ufetubus hits you.
You die...

.......>#
..####### # #+#
.[# ##. #..# ..#
..# #...# ..# #S#
...# ..# #..#K.#
.## ##+##w##+##
'### #...5.....#
...# #.8.@8..8.#
...# #.........#
...### #####'#####
.....# #.# ...#.#
##.# ...#.# #..#
+###.# #.##
.###.###########.#
.................#


You could see a dart slug, an ufetubus and a kobold.

Vanquished Creatures
  2 adders
  An ufetubus (D:5)
  A dart slug (D:2)
  An orc (D:3)
  5 bats
  3 endoplasms (D:1)
  2 giant cockroaches
  4 goblins
  2 hobgoblins
  A ball python (D:1)
  2 frilled lizards
  A kobold (D:1)
  7 rats
32 creatures vanquished.

Notes
Turn   | Place    | Note
-------+----------+-------------------------------------------
     0 | D:5      | croobank the Felid Delver began the quest for the Orb.
     0 | D:5      | Reached XP level 1. HP: 10/10 MP: 2/2
    18 | D:5      | Found Waoricai's Book Shop.
    31 | D:5      | Noticed an iguana
   283 | D:5      | Found a sparkling altar of Nemelex Xobeh.
   484 | D:2      | Reached skill level 7 in Stealth
   506 | D:1      | Reached XP level 2. HP: 10/14 MP: 3/3
   774 | D:1      | Found Pahyag's Magic Scroll Boutique.
  1622 | D:1      | Bought a scroll of identify for 28 gold pieces
  2012 | D:2      | Reached XP level 3. HP: 17/17 MP: 4/4
  2052 | D:2      | Found a faded altar of an unknown god.
  2414 | D:2      | Reached skill level 8 in Stealth
  2437 | D:2      | Became a worshipper of Uskayaw the Reveller
  2437 | D:2      | Reached * piety under Uskayaw
  3337 | D:3      | Found an ancient bone altar of Kikubaaqudgha.
  3514 | D:3      | Reached ** piety under Uskayaw
  3517 | D:3      | Slain by an ufetubus

Illustrated notes

Levels and vault maps discovered:
D:1:      saegor_arrival_under_anarchy, layout_loops_corners, serial_shops,
          nicolae_shop_statue_plus, st_stairs_11, palyth_stone_intersect
D:2:      layout_loops_ring, hellmonk_ecumenical_altar_lost_god
D:3:      minmay_chambers_of_threes, layout_basic, kiku_gazebo_garden_becter,
          minmay_misc_feat_room
D:4:      layout_rooms, mainiacjoe_overflow_swirl, temple_fountains
D:5:      layout_basic, nemelex_altar_shiori, serial_shops, shop,
          cheibrodos_sewer_entry_bend

Skill      XL: |  1  2  3 |
---------------+----------+-----
Stealth        | 7 8 |  8.3
Fighting       | |  3.0
Dodging        | |  2.8
Unarmed Combat | |  2.1

Action                   || total
-------------------------++-------
Melee: Unarmed           ||    78
       Bite              ||     4
       Punch             ||     1
Evoke: Wand              ||     6
  Use: Scroll            ||     2
       Potion            ||     2
 Stab: Sleeping          ||    12
Armor: Skin              ||     3
Dodge: Dodged            ||    62
